PIO (24 & UNDER)
SURREY SINNERS @ CHULA VISTA TACOS
07/28/2030
 
TOP OF THE 1ST
Surrey Sinners batting - Pitching for Chula Vista Tacos : RHP Manny Cook
Pitching: RHP Manny Cook
Batting: RHB Pat Simms 0-0: Ground out 5-3 (Groundball, 56)
Batting: LHB Ugo Béland 0-0: Called Strike
0-1: Ground out 6-3 (Groundball, 6M)
Batting: LHB Pedro Fernández 0-0: Ball
1-0: Foul Ball, location: 2F
1-1: Ball
2-1: Ball
3-1: Called Strike
3-2: Foul Ball, location: 2F
3-2: Base on Balls
Batting: RHB Kevin Robinson 0-0: Ball
1-0: Swinging Strike
1-1: Called Strike
1-2: Ball
Pedro Fernández is caught stealing 2nd base
Top of the 1st over - 0 runs, 0 hits, 0 errors, 0 left on base; Surrey 0 - Chula Vista 0
BOTTOM OF THE 1ST
Chula Vista Tacos batting - Pitching for Surrey Sinners : LHP Ray Gordon
Pitching: LHP Ray Gordon
Batting: LHB Dale Miller 0-0: Swinging Strike
0-1: Fly out, F8 (Flyball, 8LS)
Batting: RHB Valentín Saldaña 0-0: Called Strike
0-1: SINGLE (Flyball, 8RS)
Batting: RHB Germán Ontiveros 0-0: Called Strike
0-1: SINGLE (Flyball, 89S)
Valentín Saldaña to second
Runner from 2nd tries for 3rd, SAFE, no throw
Batting: RHB Eric Schroeder 0-0: Ball
1-0: Ball
2-0: Ball
3-0: Base on Balls
Germán Ontiveros to second
Batting: LHB Jean Beauchemin 0-0: Ball
1-0: Foul Ball, location: 2F
1-1: Foul Ball, location: 2F
1-2: SINGLE (Groundball, 56D)
Valentín Saldaña scores
Germán Ontiveros to third
Eric Schroeder to second
Batting: RHB Nelson Wright 0-0: Ball
1-0: Ball
2-0: Ball
3-0: Called Strike
3-1: Foul Ball, location: 2F
3-2: Base on Balls
Germán Ontiveros scores
Eric Schroeder to third
Jean Beauchemin to second
Batting: RHB Jesús García 0-0: Called Strike
0-1: Called Strike
0-2: Strikes out swinging
Batting: RHB José Isla 0-0: Called Strike
0-1: Ball
1-1: Ball
2-1: Ball
3-1: Base on Balls
Eric Schroeder scores
Jean Beauchemin to third
Nelson Wright to second
Batting: RHB Rafael Cardenas 0-0: Ball
1-0: Ball
2-0: Ball
3-0: Called Strike
3-1: Called Strike
3-2: Fly out, F8 (Flyball, 89S)
Bottom of the 1st over - 3 runs, 3 hits, 0 errors, 3 left on base; Surrey 0 - Chula Vista 3
TOP OF THE 2ND
Surrey Sinners batting - Pitching for Chula Vista Tacos : RHP Manny Cook
Batting: RHB Kevin Robinson 0-0: Called Strike
0-1: Foul Ball, location: 2F
0-2: Ground out U3 (Groundball, 34)
Batting: RHB Don Jackson 0-0: Ball
1-0: Called Strike
1-1: Ball
2-1: Foul Ball, location: 2F
2-2: Ball
3-2: Foul Ball, location: 2F
3-2: Ground out 4-3 (Groundball, 4)
Batting: RHB Jeff Buck 0-0: Called Strike
0-1: Ball
1-1: Foul Ball, location: 2F
1-2: Strikes out swinging
Top of the 2nd over - 0 runs, 0 hits, 0 errors, 0 left on base; Surrey 0 - Chula Vista 3
BOTTOM OF THE 2ND
Chula Vista Tacos batting - Pitching for Surrey Sinners : LHP Ray Gordon
Batting: LHB Dale Miller 0-0: Foul Ball, location: 2F
0-1: Fly out, F9 (Flyball, 89S)
Batting: RHB Valentín Saldaña 0-0: Ball
1-0: Called Strike
1-1: Fly out, F8 (Flyball, 8RXD)
Batting: RHB Germán Ontiveros 0-0: Called Strike
0-1: Ball
1-1: Swinging Strike
1-2: Foul Ball, location: 2F
1-2: Strikes out swinging
Bottom of the 2nd over - 0 runs, 0 hits, 0 errors, 0 left on base; Surrey 0 - Chula Vista 3
TOP OF THE 3RD
Surrey Sinners batting - Pitching for Chula Vista Tacos : RHP Manny Cook
Batting: RHB Ron Gilbert 0-0: Called Strike
0-1: Ball
1-1: SINGLE (Groundball, 34D)
Batting: RHB Francisco Martínez 0-0: Swinging Strike
0-1: Swinging Strike
0-2: Strikes out swinging
Batting: SHB Luis Días 0-0: Ground out 5-3 (Groundball, 56S)
Ron Gilbert to second
Batting: RHB Pat Simms 0-0: Called Strike
0-1: Fly out, F9 (Flyball, 89S)
Top of the 3rd over - 0 runs, 1 hit, 0 errors, 1 left on base; Surrey 0 - Chula Vista 3
BOTTOM OF THE 3RD
Chula Vista Tacos batting - Pitching for Surrey Sinners : LHP Ray Gordon
Batting: RHB Eric Schroeder 0-0: Ball
1-0: Called Strike
1-1: Ball
2-1: Ball
3-1: Foul Ball, location: 2F
3-2: Base on Balls
Batting: LHB Jean Beauchemin 0-0: Called Strike
0-1: Ball
1-1: Ball
2-1: Foul Ball, location: 2F
2-2: Ball
3-2: Base on Balls
Eric Schroeder to second
Batting: RHB Nelson Wright 0-0: Called Strike
0-1: Foul Ball, location: 2F
0-2: Foul Ball, location: 2F
0-2: Strikes out looking
Batting: RHB Jesús García 0-0: Called Strike
0-1: Fly out, F6 (Line Drive, 6M)
Lined into DP, U6 (Line Drive, 6M)
Bottom of the 3rd over - 0 runs, 0 hits, 0 errors, 1 left on base; Surrey 0 - Chula Vista 3
TOP OF THE 4TH
Surrey Sinners batting - Pitching for Chula Vista Tacos : RHP Manny Cook
Batting: LHB Ugo Béland 0-0: SINGLE (Line Drive, 8RS)
Batting: LHB Pedro Fernández 0-0: Fly out, F9 (Flyball, 9LMF)
Batting: RHB Kevin Robinson 0-0: Called Strike
0-1: SINGLE (Line Drive, 89S)
Ugo Béland to second
Batting: RHB Don Jackson 0-0: Ball
1-0: Called Strike
1-1: Ball
2-1: Swinging Strike
2-2: Foul Ball, location: 2F
2-2: Ball
3-2: Grounds into double play, 5-4-3 (Groundball, 56)
Top of the 4th over - 0 runs, 2 hits, 0 errors, 1 left on base; Surrey 0 - Chula Vista 3
BOTTOM OF THE 4TH
Chula Vista Tacos batting - Pitching for Surrey Sinners : LHP Ray Gordon
Batting: RHB José Isla 0-0: Foul Ball, location: 2F
0-1: Called Strike
0-2: Foul Ball, location: 2F
0-2: Ground out 6-3 (Groundball, 6)
Batting: RHB Rafael Cardenas 0-0: Called Strike
0-1: Ball
1-1: Swinging Strike
1-2: Ball
2-2: Foul Ball, location: 2F
2-2: Ball
3-2: Foul Ball, location: 2F
3-2: Base on Balls
Batting: LHB Dale Miller 0-0: Ball
1-0: Ground out 3-1 (Groundball, 3)
Rafael Cardenas to second
Batting: RHB Valentín Saldaña 0-0: Ground out 6-3 (Groundball, 6MS)
Bottom of the 4th over - 0 runs, 0 hits, 0 errors, 1 left on base; Surrey 0 - Chula Vista 3
TOP OF THE 5TH
Surrey Sinners batting - Pitching for Chula Vista Tacos : RHP Manny Cook
Batting: RHB Jeff Buck 0-0: Fly out, F8 (Flyball, 8LXD)
Batting: RHB Ron Gilbert 0-0: Swinging Strike
0-1: Ball
1-1: SINGLE (Groundball, 4MD)
Batting: RHB Francisco Martínez 0-0: Ball
1-0: Ball
2-0: Called Strike
2-1: Ball
3-1: Base on Balls
Ron Gilbert to second
Batting: SHB Luis Días 0-0: Called Strike
0-1: Ball
1-1: Ball
2-1: Ball
3-1: Fly out, F9 (Flyball, 9D)
Runner from 2nd tags up, SAFE at 3rd, no throw
Batting: RHB Pat Simms 0-0: Ball
1-0: SINGLE (Groundball, 6MD)
Ron Gilbert scores
Francisco Martínez to second
Runner from 2nd tries for 3rd, SAFE, no throw
Batting: LHB Ugo Béland 0-0: Called Strike
0-1: Foul Ball, location: 2F
0-2: Foul Ball, location: 2F
0-2: Ball
1-2: Strikes out swinging
Top of the 5th over - 1 run, 2 hits, 0 errors, 2 left on base; Surrey 1 - Chula Vista 3
BOTTOM OF THE 5TH
Chula Vista Tacos batting - Pitching for Surrey Sinners : LHP Ray Gordon
Batting: RHB Germán Ontiveros 0-0: Ball
1-0: Called Strike
1-1: Ball
2-1: Called Strike
2-2: Ball
3-2: Strikes out swinging
Batting: RHB Eric Schroeder 0-0: Called Strike
0-1: Ball
1-1: Ball
2-1: Ball
3-1: Fly out, F9 (Flyball, 9D)
Batting: LHB Jean Beauchemin 0-0: Ball
1-0: SINGLE (Groundball, 4MD)
Batting: RHB Nelson Wright 0-0: Called Strike
0-1: Swinging Strike
0-2: Ball
1-2: Ball
2-2: SINGLE (Groundball, 6D)
Jean Beauchemin to second
Batting: RHB Jesús García 0-0: Fly out, F9 (Flyball, 9S)
Bottom of the 5th over - 0 runs, 2 hits, 0 errors, 2 left on base; Surrey 1 - Chula Vista 3
TOP OF THE 6TH
Surrey Sinners batting - Pitching for Chula Vista Tacos : RHP Manny Cook
Batting: LHB Pedro Fernández 0-0: Ball
1-0: Ball
2-0: Called Strike
2-1: Called Strike
2-2: Foul Ball, location: 2F
2-2: Foul Ball, location: 2F
2-2: Ball
3-2: SINGLE (Groundball, 4S) (infield hit)
Batting: RHB Kevin Robinson 0-0: Ball
1-0: Fly out, F9 (Flyball, 9S)
Batting: RHB Don Jackson 0-0: Ball
1-0: Ball
Throwing error on steal attempt, E2
Pedro Fernández to third
2-0: Ball
3-0: Called Strike
3-1: Called Strike
3-2: Ground out 4-3 (Groundball, 34)
Batting: RHB Jeff Buck 0-0: Ball
1-0: Ball
2-0: Reached on error, E6 (Groundball, 56)
Pedro Fernández scores
Batting: RHB Ron Gilbert 0-0: Ball
1-0: Swinging Strike
1-1: Foul Ball, location: 2F
1-2: Strikes out swinging
Top of the 6th over - 1 run, 1 hit, 2 errors, 1 left on base; Surrey 2 - Chula Vista 3
BOTTOM OF THE 6TH
Chula Vista Tacos batting - Pitching for Surrey Sinners : LHP Ray Gordon
Batting: RHB José Isla 0-0: Fly out, F8 (Flyball, 8LM)
Batting: RHB Rafael Cardenas 0-0: Ground out 6-3 (Groundball, 6)
Batting: LHB Dale Miller 0-0: Ground out 4-3 (Groundball, 4)
Bottom of the 6th over - 0 runs, 0 hits, 0 errors, 0 left on base; Surrey 2 - Chula Vista 3
TOP OF THE 7TH
Surrey Sinners batting - Pitching for Chula Vista Tacos : RHP Manny Cook
Batting: RHB Francisco Martínez 0-0: Ball
1-0: Ball
2-0: Fly out, F8 (Line Drive, 8LD)
Batting: SHB Luis Días 0-0: Ball
1-0: Called Strike
1-1: Called Strike
1-2: Strikes out swinging
Batting: RHB Pat Simms 0-0: Ball
1-0: Ball
2-0: Ball
3-0: Base on Balls
Batting: LHB Ugo Béland 0-0: Foul Ball, location: 2F
0-1: Ball
1-1: TRIPLE (Line Drive, 9D)
Pat Simms scores
Pitching: RHP Shane Thompson
Pinch Hitting: SHB Ed Nelson 0-0: Ball
1-0: Called Strike
1-1: Ball
2-1: Ball
3-1: Foul Ball, location: 2F
3-2: Strikes out swinging
Top of the 7th over - 1 run, 1 hit, 0 errors, 1 left on base; Surrey 3 - Chula Vista 3
BOTTOM OF THE 7TH
Chula Vista Tacos batting - Pitching for Surrey Sinners : LHP Ray Gordon
Now at 1B: Ed Nelson
Batting: RHB Valentín Saldaña 0-0: Called Strike
0-1: Swinging Strike
0-2: Ball
1-2: Strikes out looking
Batting: RHB Germán Ontiveros 0-0: Reached on error, E3 (Groundball, 34)
Batting: RHB Eric Schroeder 0-0: Ball
1-0: Ball
2-0: Swinging Strike
2-1: Foul Ball, location: 2F
2-2: Ball
3-2: Base on Balls
Pinch Hitting: RHB Kenny Miller 0-0: Ground out 4-3 (Groundball, 34D)
Germán Ontiveros to third
Eric Schroeder to second
Batting: RHB Nelson Wright 0-0: Ball
1-0: Swinging Strike
Error on foul ball, E5
1-2: Ground out 6-3 (Groundball, 6)
Bottom of the 7th over - 0 runs, 0 hits, 2 errors, 2 left on base; Surrey 3 - Chula Vista 3
TOP OF THE 8TH
Surrey Sinners batting - Pitching for Chula Vista Tacos : RHP Shane Thompson
Now in RF: Jared Calhoun
Pinch Hitting: LHB Robert Mann 0-0: Foul Ball, location: 2F
0-1: Called Strike
0-2: Foul Ball, location: 2F
0-2: Ball
1-2: Ball
2-2: SOLO HOME RUN (Flyball, 9LD), Distance : 369 ft
Batting: RHB Don Jackson 0-0: Called Strike
0-1: Ball
1-1: Foul Ball, location: 2F
1-2: Strikes out looking
Batting: RHB Jeff Buck 0-0: SINGLE (Line Drive, 6D)
Batting: RHB Ron Gilbert 0-0: Called Strike
0-1: Swinging Strike
0-2: Fly out, F6 (Popup, 6)
Batting: RHB Francisco Martínez 0-0: Called Strike
0-1: Ball
1-1: Ball
2-1: Fielders Choice at 2nd, 6-4 (Groundball, 6)
Top of the 8th over - 1 run, 2 hits, 0 errors, 1 left on base; Surrey 4 - Chula Vista 3
BOTTOM OF THE 8TH
Chula Vista Tacos batting - Pitching for Surrey Sinners : LHP Ray Gordon
Pitching: RHP Chris Ryan
Now at 3B: Robert Sipple
Batting: RHB Jesús García 0-0: Ground out 4-3 (Groundball, 4)
Batting: RHB José Isla 0-0: Foul Ball, location: 2F
0-1: Ball
1-1: SINGLE (Flyball, 7LS)
Batting: RHB Rafael Cardenas 0-0: Ball
1-0: Ball
2-0: Called Strike
2-1: Ball
3-1: Base on Balls
José Isla to second
Pitching: LHP Juan Ortíz
Batting: LHB Dale Miller 0-0: Ball
1-0: SINGLE (Groundball, 25) (infield hit)
José Isla to third
Rafael Cardenas to second
Pitching: RHP Ed Crawford
Batting: RHB Valentín Saldaña 0-0: SINGLE (Groundball, 56)
José Isla scores
Rafael Cardenas to third
Dale Miller to second
Runner from 3rd tries for Home, SAFE, throw made home
Batting: RHB Germán Ontiveros 0-0: Hit by Pitch
Dale Miller to third
Valentín Saldaña to second
Batting: RHB Eric Schroeder 0-0: Ball
1-0: Swinging Strike
1-1: Ball
2-1: Ball
3-1: SINGLE (Groundball, 56D)
Dale Miller scores
Valentín Saldaña to third
Germán Ontiveros to second
Batting: SHB Jared Calhoun 0-0: Ball
1-0: Grounds into double play, 6-2-3 (Groundball, 56)
Bottom of the 8th over - 3 runs, 4 hits, 0 errors, 2 left on base; Surrey 4 - Chula Vista 6
TOP OF THE 9TH
Surrey Sinners batting - Pitching for Chula Vista Tacos : RHP Shane Thompson
Pitching: LHP Craig Grant
Batting: SHB Luis Días 0-0: Ball
1-0: Ball
2-0: Called Strike
2-1: Ball
3-1: Base on Balls
Batting: RHB Pat Simms 0-0: SINGLE (Flyball, 9S)
Luis Días to second
Pinch Hitting: RHB Christian Porter 0-0: Called Strike
0-1: Fly out, F6 (Popup, 6D)
Pinch Hitting: RHB Jake Townsend 0-0: Ball
1-0: Ball
2-0: Ball
3-0: Called Strike
3-1: Foul Ball, location: 2F
3-2: Base on Balls
Luis Días to third
Pat Simms to second
Batting: RHB Robert Sipple 0-0: Fly out, F8 (Flyball, 8LS)
Batting: RHB Don Jackson 0-0: Fielders Choice at 2nd, 5-4 (Groundball, 56)
Top of the 9th over - 0 runs, 1 hit, 0 errors, 3 left on base; Surrey 4 - Chula Vista 6
Saturday, April 7th, 2018 - OOTP Baseball 18.8 Build 76